Map: Chain of Ascension

Players

NamroodTuo

  • Race: Zerg Zerg

Opex

  • Race: Zerg Zerg
  • Spawn Location: 11:00

VOD

Have the link to the VOD?

Description

Time

  • Played on: Jan. 20, 2023, 10:14 a.m.
  • Length: 33:20
Show
View Real Time Build Order
Export as new Build Order

NamroodTuo Zerg 

Build Orders:  

Get SALT Encoding   

  12  0:03  Infested SCV  
  13  0:22  Infested SCV x2  
  15  0:40  Infested Barracks  
  15  0:50  Overlord  
  15  1:04  Overlord  
  15  1:16  Infested SCV  
  15  1:17  Infested SCV  
  17  1:22  Infested SCV  
  18  1:39  Infested SCV, Infested Refinery  
  19  1:46  Infested Refinery  
  19  1:51  Infested Marine x3  
  22  2:05  Infested SCV  
  22  2:07  Infested Engineering Bay  
  23  2:10  Overlord  
  23  2:14  Infested Marine  
  24  2:27  Infested SCV  
  25  2:37  Infested Barracks  
  25  2:39  Infested Barracks Tech Lab  
  25  2:44  Infested SCV  
  26  3:04  Infested Factory  
  26  3:14  Infested SCV  
  26  3:16  Infested SCV  
  28  3:25  Regenerative Plating  
  25  3:45  Infested SCV  
  25  3:47  Infested SCV  
  26  3:59  Retinal Augmentation  
  26  4:03  Infested Marine x4  
  26  4:04  Infested Marine x3  
  33  4:10  Infested Marine x2  
  33  4:11  Infested Marine x3  
  33  4:13  Infested Marine  
  39  4:21  Overlord  
  39  4:22  Overlord  
  39  4:59  Plagued Munitions  
  39  5:00  Infested SCV  
  39  5:01  Infested SCV  
  39  5:05  Infested SCV  
  46  5:31  Infested Bunker  
  39  5:42  Infested Barracks  
  39  5:47  Stukov Infantry Weapons Level 1  
  33  5:52  Infested SCV  
  33  5:56  Infested SCV  
  35  6:01  Infested Marine  
  35  6:02  Infested Marine x4  
  35  6:05  Infested Marine x2  
  35  6:07  Infested Marine x2  
  44  6:51  Infested Barracks  
  44  6:54  Infested Marine x7  
  44  6:55  Infested Marine x4  
  49  7:46  Infested Command Center  
  45  7:56  Infested Bunker  
  49  8:10  Infested Armory  
  49  8:12  Infested Marine x2  
  51  8:27  Stukov Infantry Armor Level 1  
  41  8:57  Infested Bunker  
  45  9:24  Infested Marine  
  45  9:25  Infested Marine x10  
  54  9:48  Infested Bunker  
  58  9:55  Infested SCV x2  
  60  10:22  Infested SCV x2  
  60  10:23  Infested SCV x2  
  60  10:27  Overlord x2  
  64  10:33  Infested SCV  
  65  10:42  Infested Marine  
  65  10:43  Infested Marine x4  
  70  10:55  Overlord x3  
  69  11:02  Infested SCV  
  69  11:07  Stukov Infantry Weapons Level 2  
  60  11:18  Infested SCV  
  60  11:30  Infested Bunker  
  60  11:34  Infested Marine  
  60  11:35  Infested Marine x13  
  60  11:36  Infested Marine x3  
  77  11:48  Infested Marine  
  77  11:49  Infested Marine x17  
  95  11:57  Infested SCV x2  
  97  12:56  Infested Bunker  
  97  12:59  Infested SCV  
  102  13:00  Infested SCV x2  
  102  13:05  Infested Bunker  
  102  13:08  Overlord x5  
  107  13:17  Infested Marine  
  107  13:18  Infested Marine x17  
  91  14:06  Infested Marine  
  91  14:07  Infested Marine x25  
  91  14:08  Infested Marine x12  
  118  14:17  Calcified Armor  
  122  14:24  Infested Bunker  
  116  14:49  Infested Marine  
  117  14:50  Infested Marine x20  
  117  14:52  Overlord x2  
  117  14:54  Overlord  
  126  15:17  Stukov Infantry Armor Level 2  
  124  15:35  Infested Bunker  
  128  15:48  Infested Bunker  
  105  16:03  Aggressive Incubation  
  98  16:16  Infested Marine x7  
  98  16:17  Infested Marine x19  
  119  16:26  Infested Factory Tech Lab  
  119  16:28  Stukov Vehicle and Ship Weapons Level 1  
  111  16:54  Infested Marine x2  
  111  16:55  Infested Marine x25  
  111  16:56  Infested Marine x16  
  111  16:59  Overlord x3  
  154  17:00  Overlord  
  158  17:20  Infested Bunker  
  136  18:10  Infested Marine  
  136  18:11  Infested Marine x18  
  136  18:12  Infested Marine x4, Infested Bunker  
  159  18:27  Stukov Infantry Weapons Level 3  
  158  18:35  Infested Marine  
  158  18:36  Infested Marine x11  
  158  18:37  Infested Marine x11  
  139  18:59  Infested Marine  
  140  19:00  Infested Marine x19  
  140  19:01  Infested Marine x12  
  140  19:08  Stukov Vehicle and Ship Armor Level 1  
  167  19:21  Infested Marine  
  167  19:22  Infested Marine x17  
  167  19:23  Infested Marine x13  
  198  19:41  Infested Bunker  
  198  19:43  Infested Bunker  
  187  20:19  Infested Marine  
  165  20:20  Infested Marine x16  
  165  20:21  Infested Marine x16  
  157  20:46  Infested Marine x3  
  157  20:47  Infested Marine x25  
  157  20:48  Infested Marine x10  
  172  21:05  Infested Marine x5  
  172  21:06  Infested Marine x8  
  172  21:07  Infested Marine x2  
  127  21:41  Infested Marine  
  127  21:42  Infested Marine x12  
  127  21:43  Infested Marine x16  
  127  21:49  Infested Marine  
  145  21:50  Infested Marine x4  
  145  21:52  Infested Marine x2  
  139  22:00  Infested Marine  
  139  22:01  Infested Marine x5  
  139  22:02  Infested Marine x3  
  139  22:07  Stukov Infantry Armor Level 3  
  146  22:12  Infested Marine  
  146  22:13  Infested Marine x7  
  146  22:14  Infested Marine  
  124  23:28  Infested Bunker  
  127  23:33  Infested Bunker  
  118  23:47  Infested Marine x2  
  118  23:48  Infested Marine x24  
  118  23:49  Infested Marine x23  
  158  23:50  Infested Marine x25  
  158  23:51  Infested Marine x2  
  180  24:28  Infested Marine  
  180  24:29  Infested Marine x19  
  199  25:28  Infested Marine x10  
  199  25:29  Infested Marine x18  
  125  26:38  Infested Marine x10  
  125  26:39  Infested Marine x25  
  154  26:40  Infested Marine x16  
  169  27:06  Infested Marine  
  169  27:07  Infested Marine x12  
  169  27:08  Infested Marine x17  
  184  27:20  Infested SCV  
  184  27:21  Infested SCV x4  
  189  27:59  Infested Bunker  
  197  28:03  Infested Bunker  
  143  28:38  Infested Marine  
  143  28:39  Infested Marine x18  
  162  28:40  Infested Marine x24  
  153  29:35  Infested Marine  
  153  29:36  Infested Marine x14  
  168  29:51  Infested Marine x7  
  168  29:52  Infested Marine x24  
  168  29:53  Infested Marine  
  167  30:36  Infested Marine  
  167  30:37  Infested Marine x19  
  167  30:38  Infested Marine x10  
  195  30:42  Infested Bunker  
  189  31:17  Infested Marine  
  189  31:18  Infested Marine x17  
  168  31:50  Infested Marine  
  168  31:51  Infested Marine x18  
  168  31:58  Infested Marine  
  168  31:59  Infested Marine x10  
  198  32:00  Infested Marine x2  
  200  32:13  Infested Marine  
  200  32:14  Infested Marine x11  
  200  32:15  Infested Marine x9  
  173  33:03  Infested Marine  
  173  33:04  Infested Marine x20  
  173  33:05  Infested Marine x5  
Show
View Real Time Build Order
Export as new Build Order

Opex Zerg 

Build Orders:  

Get SALT Encoding   

  12  0:38  Overlord, Spawning Pool  
  11  0:43  Drone  
  12  0:51  Extractor  
  12  0:57  Extractor  
  10  1:17  Queen  
  12  1:20  Drone  
  12  1:27  Drone  
  14  1:46  Drone  
  14  1:47  Drone  
  14  1:48  Drone  
  17  2:24  Drone  
  17  2:25  Drone x4  
  22  2:56  Overlord  
  22  2:58  Overlord  
  22  3:18  Unknown  
  22  3:40  Drone x2  
  22  3:41  Drone x4  
  28  5:33  Hatchery  
  27  7:20  Drone  
  27  7:21  Drone x3  
  27  7:29  Drone x2  
  33  7:36  Drone x2  
  35  7:45  Evolution Chamber  
  35  7:48  Evolution Chamber  
  33  7:57  Lair  
  33  8:30  Queen  
  33  8:33  Drone x4  
  39  8:40  Extractor  
  39  8:44  Extractor  
  37  9:32  Drone  
  37  9:33  Drone x3  
  41  10:57  Drone x2  
  41  10:58  Drone, Overlord  
  41  10:59  Overlord x2  
  44  11:04  Overlord x5  
  44  11:05  Overlord  
  44  11:07  Hive  
  44  11:11  Heroic Fortitude  
  44  11:12  Chain Reaction  
  44  13:18  Ability Efficiency  
  43  21:27  Drone x4  
  43  21:28  Drone  
  43  21:29  Overlord  
  48  22:02  Drone  
  48  22:03  Drone  
  50  22:24  Drone  
  50  22:25  Drone  
  52  22:30  Drone  
  52  22:32  Overlord x5  
  53  23:48  Metabolic Boost  
  53  23:54  Zergling x2  
  53  23:55  Zergling x8  
  58  24:03  Drone x2  
  58  24:04  Zergling x8  
  64  24:38  Zergling x10  
  64  24:40  Zergling  
  64  24:41  Zergling x10  
  64  24:42  Zergling x2  
  64  24:44  Zergling x4  
  64  24:45  Zergling  
  64  24:48  Hardened Carapace  
  55  25:20  Zergling x10  
  55  25:21  Zergling x2  
  55  25:22  Zergling x3  
  55  25:23  Zergling x2  
  59  25:48  Adrenal Overload  
  58  26:48  Shredding Claws  
  58  29:03  Zergling x2  
  58  29:04  Zergling x2  
  58  29:08  Zergling  
  56  32:29  Zergling x2  
  56  32:30  Zergling  
Tags
 
Add a new tag
Caveats
  • Supply blocks, unpowered buildings, or Contaminate may cause inaccurate times.
  • Supply counts are checked every 10 seconds.